 Dungeon Crawl Stone Soup version 0.25.1-2-g60ff931df9 (webtiles) character file.

Game seed: 8963527617213971969

135 deva4eva the Cudgeler (level 5, -1/34 HPs)
             Began as a Gargoyle Berserker on Oct 7, 2020.
             Was a Believer of Trog.
             Slain by Duvessa
             ... wielding a +2 short sword of distortion
              (17 damage)
             ... on level 4 of the Dungeon.
             The game lasted 00:21:31 (1974 turns).

deva4eva the Cudgeler (Gargoyle Berserker)          Turns: 1974, Time: 00:21:32

Health: -1/34      AC: 16    Str: 22    XL:     5   Next: 18%
Magic:  5/5        EV:  7    Int:  7    God:    Trog [**....]
Gold:   103        SH:  0    Dex:  9    Spells: 4/4 levels left

rFire    . . .     SeeInvis .   a - +1 mace
rCold    . . .     Gourm    .   (no shield)
rNeg     + . .     Faith    .   v - +0 plate armour
rPois    ∞         Spirit   .   j - +0 helmet
rElec    +         Reflect  .   (no cloak)
rCorr    .         Harm     .   (no gloves)
MR       .....                  (no boots)
Stlth    ..........             (no amulet)
HPRegen  0.11/turn              (no ring)
MPRegen  0.09/turn              (no ring)

@: berserk cooldown, slowed, very slow
A: negative energy resistance 1, electricity resistance, unbreathing,
petrification resistance, rot immunity, AC +4
a: Berserk, Trog's Hand, Renounce Religion


You were on level 4 of the Dungeon.
You worshipped Trog.
Trog was pleased with you.
You were very hungry.

You visited 1 branch of the dungeon, and saw 4 of its levels.

You collected 103 gold pieces.

Inventory:

Hand Weapons
 a - a +1 mace (weapon)
 t - a +0 hunting sling
 x - a +0 mace
Missiles
 h - 131 stones (quivered)
Armour
 b - a +0 animal skin
 j - a +0 helmet (worn)
 n - a +0 kite shield
 o - a +0 chain mail
 q - a +0 scale mail
 v - a +0 plate armour (worn)
 A - a +0 helmet
Jewellery
 z - an uncursed ring of see invisible {unknown}
Wands
 g - a wand of acid (7)
Scrolls
 d - 3 scrolls of identify
 e - 3 scrolls of remove curse
 k - a scroll of blinking {unknown}
 l - a scroll of fog {unknown}
 m - 2 scrolls of teleportation {unknown}
 p - a scroll of immolation {unknown}
 r - a scroll of random uselessness {unknown}
 s - a scroll of amnesia {unknown}
 y - a scroll of magic mapping {unknown}
Potions
 f - 2 potions of berserk rage
 u - 3 potions of curing {unknown}
Comestibles
 c - 7 rations


   Skills:
 + Level 4.3 Fighting
 + Level 4.5 Maces & Flails
 + Level 0.4 Throwing
 + Level 2.6 Armour
 + Level 1.9 Dodging


You had 4 spell levels left.
You didn't know any spells.
Your spell library was empty.

Dungeon Overview and Level Annotations

Branches:
Dungeon (4/15)
 Temple: D:4-7

Altars:
Ashenzari
Cheibriados
Dithmenos

Annotations:
D:4 Dowan, Duvessa


Innate Abilities, Weirdness & Mutations

You are resistant to torment.
Your stone body is resilient. (AC +4)
You are immune to poison.
You resist negative energy. (rN+)
You are resistant to electric shocks. (rElec)
You can survive without breathing.
You are immune to petrification.
You are immune to rotting.


Message History

You feel a strong urge to attack something.
You see here a howler monkey corpse.
You are no longer berserk.
You are exhausted.
You feel yourself slow down.
Dowan, Brother of Duvessa comes into view.
He is wielding a +0 dagger.
Dowan shouts!
Duvessa, Sister of Dowan comes into view.
She is wielding a +2 short sword of distortion.
The phantom blinks!
Dowan gestures at you while chanting.
The puff of frost hits you but does no damage.
Dowan says, "My weaknesses are her strengths!"
The phantom blinks!
The gnoll hits you from afar with a +0 spear.
Dowan casts a spell.
Dowan blinks!
The phantom blinks!
Duvessa hits you but does no damage. Space warps horribly around you!
Ouch! That really hurt!
You die...

#. #.##.#.#
.###.##.##!#.## .#
.........e.§!.# .#
#........§..# ..#
#...e..#..###..###
#...#.####g.........
## #g# #....)#..##
#e# #...†.#..####
#@###.....W......
#.........#......
#.<.........###..
#.########### #.#
#.# #.# #.# #.


You could see Duvessa, Dowan and a gnoll.

Vanquished Creatures
  A howler monkey (D:4)
  2 gnolls (D:4)
  2 adders (D:3)
  A dart slug (D:3)
  3 orcs (D:3)
  A ball python (D:1)
  3 bats
  2 giant cockroaches (D:3)
  11 goblins
  6 hobgoblins
  6 jackals
  3 kobolds
  3 frilled lizards
  7 rats
51 creatures vanquished.

Notes
Turn   | Place    | Note
-------+----------+-------------------------------------------
     0 | D:1      | deva4eva the Gargoyle Berserker began the quest for the
                  | Orb.
     0 | D:1      | Reached XP level 1. HP: 14/14 MP: 1/1
   197 | D:1      | Reached XP level 2. HP: 9/19 MP: 2/2
   667 | D:1      | Reached XP level 3. HP: 19/23 MP: 3/3
   872 | D:2      | Found a shadowy altar of Dithmenos.
   890 | D:2      | Found a shattered altar of Ashenzari.
  1211 | D:3      | Reached ** piety under Trog
  1369 | D:3      | Reached XP level 4. HP: 27/29 MP: 4/4
  1766 | D:3      | Found a snail-covered altar of Cheibriados.
  1954 | D:4      | Reached XP level 5. HP: 28/33 MP: 5/5
  1958 | D:4      | Noticed a phantom
  1966 | D:4      | Noticed Dowan
  1966 | D:4      | Noticed Duvessa
  1974 | D:4      | Slain by Duvessa

Illustrated notes

Levels and vault maps discovered:
D:1:      wander_arrival_estate, layout_basic
D:2:      layout_basic, grunt_dithmenos_smoke_and_mirrors, lemuel_round_altar,
          minmay_overflow_temple_hex, chequers_garden
D:3:      layout_rooms, cheibriados_altar_1, first_ration
D:4:      layout_loops_ring, uniq_ijyb, uniq_duvessa, uniq_crazy_yiuf_cottage

Skill      XL: |  1  2  3  4 |
---------------+-------------+-----
Fighting       | 4 |  4.3
Maces & Flails | 4 |  4.5
Throwing       | |  0.4
Armour         | |  2.6
Dodging        | |  1.9

Action                   |  1- 3 |  4- 6 || total
-------------------------+-------+-------++-------
Melee: Mace              |   114 |    52 ||   166
Throw: Stone             |    11 |     9 ||    20
Invok: Berserk           |       |     1 ||     1
  Use: Scroll            |     4 |       ||     4
  Eat: Chunk             |     2 |     1 ||     3
Armor: Animal skin       |    35 |       ||    35
       Chain mail        |    23 |       ||    23
       Plate armour      |       |    37 ||    37
Dodge: Dodged            |    65 |    23 ||    88
